AoeStats
← Mike Ehrmantraut

Arena

508070445Analyzed
4v4 RM · 11d ago on Sep 20, 2026· 60m 17s· 8 players
Game mode
Random Map
Map size
Large (8 player)
Population
200
Speed
Normal
Resources
Standard
Victory
Conquest
Starting age
Dark Age
Ending age
Imperial Age
RankedLock teamsTeams togetherTeam positionsShared explorationLock speedFull tech treeHidden civsTurbo modeCheats
Victory
Defeat
🇴🇲 Dravidians · Oman
928
+14
🇺🇸 Persians · United States
899
+15
🇬🇧 Italians · United Kingdom
880
+16
🇷🇴 Malay · Romania
871
+16
🇬🇷 Bohemians · Greece
905
-16
🇬🇷 Vietnamese · Greece
882
-15
880
-15
🇬🇷 Khmer · Greece
873
-15
Wolverhee-heen
0:57 Loom
16:48 Feudal Age
19:22 Wheelbarrow
18:41 Stone Mining
18:39 Double-Bit Axe
19:01 Horse Collar
22:33 Castle Age
21:35 Gold Mining
25:16 Hand Cart
25:20 Bow Saw
25:12 Heavy Plow
25:50 Stone Shaft Mining
27:35 Fortified Wall
27:49 Padded Archer Armor
27:39 Fletching
29:11 Silk Road
29:16 Murder Holes
34:21 Imperial Age
32:38 Leather Archer Armor
32:21 Bodkin Arrow
34:26 Elite Genoese Crossbowman
36:09 Chemistry
35:31 Ballistics
36:26 Two-Man Saw
36:09 Ring Archer Armor
37:50 Pirotechnia
53:49 Scale Barding Armor
53:46 Scale Mail Armor
53:57 Forging
54:13 Conscription
54:02 Squires
57:12 Chain Mail Armor
57:33 Iron Casting
58:50 Caravan
59:20 Coinage
59:01 Guilds
Flamingo
6:56 Loom
9:25 Feudal Age
9:03 Double-Bit Axe
13:38 Horse Collar
17:02 Castle Age
15:36 Stone Mining
16:52 Bow Saw
20:28 Wheelbarrow
20:15 Gold Mining
22:57 Heavy Plow
23:25 Treadmill Crane
28:43 Imperial Age
26:45 Forging
27:05 Squires
26:29 Man-at-Arms
26:54 Arson
28:13 Hand Cart
30:37 Town Watch
31:40 Iron Casting
33:01 Crop Rotation
32:27 Elite Karambit Warrior
34:07 Conscription
34:04 Long Swordsman
35:30 Thalassocracy
35:34 Forced Levy
35:23 Pikeman
35:23 Two-Handed Swordsman
42:44 Ballistics
47:59 Blast Furnace
46:51 Fletching
49:00 Town Patrol
49:40 Gold Shaft Mining
49:40 Stone Shaft Mining
49:14 Siege Engineers
50:10 Chemistry
49:06 Murder Holes
49:24 Masonry
53:31 Bodkin Arrow
54:29 Halberdier
Chevalierpersan
0:31 Loom
10:40 Feudal Age
11:53 Wheelbarrow
11:04 Town Watch
11:22 Double-Bit Axe
11:46 Gold Mining
13:39 Horse Collar
15:27 Stone Mining
22:18 Castle Age
21:22 Bloodlines
21:24 Forging
23:14 Hand Cart
22:59 Town Patrol
23:30 Fervor
23:43 Bow Saw
23:37 Heavy Plow
26:52 Masonry
26:37 Murder Holes
29:09 Iron Casting
28:43 Scale Barding Armor
28:42 Husbandry
30:12 Stone Shaft Mining
30:15 Gold Shaft Mining
31:22 Chain Barding Armor
30:53 Fletching
31:08 Scale Mail Armor
30:30 Pikeman
31:11 Squires
30:56 Arson
30:57 Gambesons
33:39 Bodkin Arrow
33:59 Chain Mail Armor
37:14 Imperial Age
35:31 Devotion
37:10 Ballistics
37:00 Careening
36:52 Cavalier
37:55 Conscription
38:12 Hoardings
38:03 Conscription
37:48 Halberdier
39:05 Plate Barding Armor
39:31 Blast Furnace
39:51 Savar
41:36 Hoardings
41:52 Block Printing
42:13 Theocracy
42:53 Plate Mail Armor
43:24 Chemistry
42:55 Architecture
54:29 Citadels
Mike Ehrmantraut
5:24 Loom
13:35 Feudal Age
14:34 Horse Collar
14:54 Double-Bit Axe
16:50 Gold Mining
22:14 Castle Age
20:32 Padded Archer Armor
20:41 Fletching
22:05 Arson
23:18 Stone Mining
24:19 Husbandry
25:10 Heavy Plow
25:15 Bodkin Arrow
26:30 Thumb Ring
28:40 Wheelbarrow
28:58 Ballistics
28:41 Town Watch
32:49 Hand Cart
35:14 Imperial Age
33:29 Bow Saw
34:38 Fortified Wall
34:41 Masonry
35:27 Elite Elephant Archer
36:15 Bracer
36:43 Leather Archer Armor
38:23 Chemistry
37:53 Medical Corps
38:42 Ring Archer Armor
39:00 Caravan
39:46 Squires
40:24 Forging
40:14 Scale Mail Armor
42:15 Conscription
45:13 Iron Casting
44:53 Chain Mail Armor
47:56 Blast Furnace
49:21 Wootz Steel
49:37 Hoardings
53:27 Two-Man Saw
59:04 Elite Urumi Swordsman
60:49 Town Patrol
60:38 Arrowslits
60:50 Murder Holes
giannispolukandriotis.4
0:52 Loom
11:47 Feudal Age
24:41 Castle Age
22:26 Horse Collar
22:36 Double-Bit Axe
23:04 Stone Mining
24:05 Gold Mining
30:25 Bow Saw
30:17 Heavy Plow
31:56 Stone Shaft Mining
32:19 Wheelbarrow
35:45 Imperial Age
34:23 Hand Cart
33:55 Town Watch
35:02 Chatras
37:14 Elite Fire Lancer
38:07 Elite Skirmisher
39:05 Padded Archer Armor
38:55 Fletching
40:35 Chemistry
40:56 Leather Archer Armor
40:44 Scale Mail Armor
40:54 Forging
41:19 Murder Holes
41:32 Siege Engineers
41:27 Bodkin Arrow
41:55 Arson
44:11 Ring Archer Armor
44:17 Iron Casting
43:44 Bracer
44:00 Chain Mail Armor
50:42 Crop Rotation
51:16 Two-Man Saw
andreas7487
0:36 Loom
12:58 Feudal Age
13:50 Horse Collar
14:39 Double-Bit Axe
20:26 Castle Age
18:47 Stone Mining
19:10 Gold Mining
21:08 Pikeman
24:03 Wheelbarrow
24:46 Bow Saw
25:03 Heavy Plow
32:03 Imperial Age
30:07 Hand Cart
30:34 Ballistics
32:04 Heavy Scorpion
34:39 Chemistry
34:23 Siege Engineers
35:43 Double Crossbow
36:16 Elite Skirmisher
37:22 Imperial Skirmisher
38:43 Tusk Swords
39:24 Caravan
41:25 Elite Ballista Elephant
makispapadopoulos7
0:28 Loom
11:05 Feudal Age
16:03 Castle Age
14:51 Double-Bit Axe
23:13 Arson
25:00 Forging
26:46 Horse Collar
27:19 Bow Saw
27:03 Gold Mining
28:51 Squires
29:42 Pikeman
31:18 Wheelbarrow
31:21 Town Watch
31:31 Fletching
31:42 Padded Archer Armor
32:47 Hand Cart
33:08 Bodkin Arrow
33:29 Leather Archer Armor
34:38 Iron Casting
34:04 Scale Mail Armor
34:03 Treadmill Crane
36:56 Imperial Age
34:45 Stone Mining
36:12 Stone Shaft Mining
36:00 Sanctity
35:50 Chatras
37:37 Caravan
38:50 Chemistry
38:18 Paper Money
38:07 Bracer
38:38 Ring Archer Armor
38:24 Chain Mail Armor
40:27 Two-Man Saw
39:31 Heavy Plow
40:12 Hoardings
39:34 Sappers
41:00 Elite Fire Lancer
47:36 Halberdier
48:46 Husbandry
48:57 Bloodlines
48:08 Light Cavalry
49:56 Elite Skirmisher
51:05 Ballistics
50:44 Murder Holes
51:10 Scale Barding Armor
50:49 Imperial Skirmisher
56:41 Plate Mail Armor
diomidismav
0:26 Loom
10:53 Feudal Age
11:18 Double-Bit Axe
12:15 Wheelbarrow
13:26 Horse Collar
19:26 Castle Age
22:09 Heavy Plow
23:07 Hand Cart
28:53 Imperial Age
27:56 Bow Saw
29:06 Padded Archer Armor
30:31 Chemistry
28:58 Elite Hussite Wagon
30:47 Ballistics
30:46 Leather Archer Armor
32:29 Fortified Wall
33:29 Wagenburg Tactics
33:38 Fletching
35:57 Houfnice
36:26 Elite Skirmisher
37:59 Ring Archer Armor
37:25 Bodkin Arrow
38:48 Imperial Skirmisher
44:10 Siege Engineers
Connection lost

Rejoining the realm…

Still unreachable

The connection could not be restored.

Session expired

The server has moved on; the page needs a fresh start.